 Dungeon Crawl Stone Soup version 0.31-a0-182-gc5ef74bbde (webtiles) character file.

Game seed: 14831154826685066286

277 pokeman the Magician (level 6, -1/34 HPs)
             Began as a Deep Elf Hedge Wizard on June 21, 2023.
             Succumbed to a water moccasin's poison
             ... in a sewer.
             The game lasted 00:06:23 (3080 turns).

pokeman the Magician (Deep Elf Hedge Wizard)        Turns: 3080, Time: 00:06:24

Health: -1/34      AC:  3    Str:  7    XL:     6   Next: 4%
Magic:  7/17       EV: 13    Int: 21    God:
Gold:   45         SH:  0    Dex: 17    Spells: 6/18 levels left

rFire   . . .        k - +3 sling of the Big Bang {freeze, SInv}
rCold   . . .        (no shield)
rNeg    . . .        b - +0 robe
rPois   .            c - +0 hat
rElec   .            (no cloak)
rCorr   .            i - +0 pair of fencer's gloves {Riposte Dex+3}
SInv    +            (no boots)
Will    .....        (no amulet)
Stlth   ++           (no ring)
HPRegen 0.25/turn    (no ring)
MPRegen 0.15/turn

%: no passive effects
@: lethally poisoned (-1 -> -13), on blink cooldown, very slightly contaminated
A: no striking features
a: no special abilities


You were in a sewer.
You visited 1 branch of the dungeon, and saw 4 of its levels.
You also visited: Sewer.

You collected 45 gold pieces.

Inventory:

Hand Weapons
 a - a +0 dagger
 k - the +3 sling of the Big Bang (weapon) {freeze, SInv}
   (You found it on level 2 of the Dungeon)

   SInv:      It lets you see invisible.
Armour
 b - a +0 robe (worn)
 c - a +0 hat (worn)
 i - the +0 pair of fencer's gloves (worn) {Riposte Dex+3}
   (You found it on level 2 of the Dungeon)

   Riposte:   It allows the wearer to riposte with melee weapons, swiftly
   retaliating against missed or blocked melee attacks.
   Dex:       It affects your dexterity (+3).
Jewellery
 n - a ring of fire
Scrolls
 e - 2 scrolls of blinking {unknown}
 f - a scroll of fog {unknown}
 g - a scroll of poison {unknown}
 h - a scroll of amnesia {unknown}
 j - a scroll of silence {unknown}
 l - 2 scrolls of enchant armour {unknown}
 o - 2 scrolls of identify {unknown}
Potions
 d - a potion of magic
 m - a potion of ambrosia {unknown}
 p - a potion of lignification {unknown}


   Skills:
 + Level 1.0 Fighting
 - Level 1.0 Armour
 - Level 3.0 Dodging
 - Level 3.1 Stealth
 * Level 6.6 Spellcasting
 + Level 3.0 Conjurations
 - Level 1.1 Summonings
 - Level 1.1 Translocations
 + Level 1.2 Fire Magic
 - Level 1.0 Air Magic
 - Level 1.1 Poison Magic


You had 6 spell levels left.
You knew the following spells:

 Your Spells              Type           Power      Damage    Failure   Level
a - Magic Dart            Conj           76%        1d6       2%          1
b - Mephitic Cloud        Conj/Pois/Air  14%        N/A       14%         3
c - Call Imp              Summ           22%        N/A       9%          2
d - Blink                 Tloc           22%        N/A       9%          2
e - Flame Wave            Conj/Fire      15%        2d7       36%         4

Your spell library contained the following spells:

 Spells                   Type           Power      Damage    Failure   Level
 Summon Small Mammal      Summ           44%        N/A       6%          1
 Freeze                   Ice            24%        1d4       10%         1
 Slow                     Hex            24%        N/A       10%         1
 Cigotuvi's Dreadful Rot  Necr/Pois/Air  18%        N/A       11%         2
 Hailstorm                Conj/Ice       13%        3d5       16%         3
 Call Canine Familiar     Summ           11%        N/A       17%         3
 Inner Flame              Hex/Fire       9%         N/A       22%         3
 Summon Guardian Golem    Hex/Summ       9%         N/A       22%         3
 Frozen Ramparts          Ice            12%        1d2       28%         3
 Sticky Flame             Conj/Fire      15%        2d4       36%         4


Dungeon Overview and Level Annotations

Branches:
Dungeon (4/15)              Sewer (1/1)
 Temple: D:4-7

Altars:
Hepliaklqana
Nemelex Xobeh
Okawaru

Shops:
D:4 :

Annotations:
D:4 Menkaure


Message History

Confirm with . or Enter, or press ? or * to list all spells.
You blink.
You feel sick.
Unknown command.
Casting: Blink (safe; 9% risk of failure)
Confirm with . or Enter, or press ? or * to list all spells.
Aiming: Magic Dart (safe; 2% risk of failure)
Press: ? - help, Shift-Dir - straight line, f/p - water moccasin
Aim: a water moccasin (moderately wounded, 100% to hit)
The magic dart hits the water moccasin.
The water moccasin is heavily wounded.
You feel sick.
Unknown command.
Casting: Magic Dart (safe; 2% risk of failure)
Confirm with . or Enter, or press ? or * to list all spells.
Aiming: Magic Dart (safe; 2% risk of failure)
Press: ? - help, Shift-Dir - straight line, f/p - water moccasin
Aim: a water moccasin (heavily wounded, 100% to hit)
The magic dart hits the water moccasin.
The water moccasin is severely wounded.
You feel sick. The water moccasin bites you.
You are lethally poisoned!
The water moccasin poisons you! The water moccasin bites you.
* * * LOW HITPOINT WARNING * * *
Casting: Magic Dart (safe; 2% risk of failure)
Confirm with . or Enter, or press ? or * to list all spells.
Aiming: Magic Dart (safe; 2% risk of failure)
Press: ? - help, Shift-Dir - straight line, f/p - water moccasin
Aim: a water moccasin (severely wounded, 100% to hit)
The magic dart hits the water moccasin.
The water moccasin is almost dead.
* * * LOW HITPOINT WARNING * * *
You feel very sick. The water moccasin closely misses you.
Casting: Magic Dart (safe; 2% risk of failure)
Confirm with . or Enter, or press ? or * to list all spells.
Aiming: Magic Dart (safe; 2% risk of failure)
Press: ? - help, Shift-Dir - straight line, f/p - water moccasin
Aim: a water moccasin (almost dead, 100% to hit)
You miscast Magic Dart.
Nothing appears to happen.
You die...

##...##
#..~..#
#..~.~##
#.~.#.~.#
#.~###..##
#.~~ #~..#
#.~# ##.~#
#.~ #~.#
#. #.@#
##~S#
#.~.#
#..##
#~..#
~~~.##
#...~~#
##.~.##
#.~~


You could see a water moccasin.

Vanquished Creatures
  A phantom (D:3)
  A hound (D:4)
  A jelly (D:4)
  An iguana (D:4)
  An adder (D:4)
  An ufetubus (D:3)
  2 worms (D:3)
  7 dart slugs
  5 orcs
  7 ball pythons
  3 bats
  4 endoplasms (D:1)
  6 giant cockroaches (D:4)
  5 goblins
  5 hobgoblins
  4 jackals
  8 kobolds
  6 quokkas
  4 frilled lizards
  4 rats
76 creatures vanquished.

Notes
Turn   | Place    | Note
-------+----------+-------------------------------------------
     0 | D:1      | pokeman the Deep Elf Hedge Wizard began the quest for the
                  | Orb.
     0 | D:1      | Reached XP level 1. HP: 10/10 MP: 7/7
   199 | D:1      | Reached XP level 2. HP: 15/16 MP: 3/9
   533 | D:1      | Reached skill level 5 in Spellcasting
   666 | D:1      | Reached XP level 3. HP: 18/20 MP: 4/11
   670 | D:1      | Learned a level 3 spell: Mephitic Cloud
   673 | D:1      | Learned a level 2 spell: Call Imp
   676 | D:1      | Learned a level 2 spell: Blink
  1372 | D:2      | Found the +0 pair of fencer's gloves {Riposte Dex+3}
  1424 | D:2      | Reached skill level 1 in Armour
  1439 | D:2      | Reached skill level 1 in Fighting
  1673 | D:2      | Found a faded altar of an unknown god.
  1792 | D:2      | Identified the +3 sling of the Big Bang {freeze, SInv}
  2119 | D:3      | Reached XP level 4. HP: 25/25 MP: 9/13
  2123 | D:3      | Noticed a phantom
  2126 | D:3      | Learned a level 4 spell: Flame Wave
  2145 | D:3      | Killed a phantom
  2146 | D:3      | Reached skill level 6 in Spellcasting
  2146 | D:3      | Reached XP level 5. HP: 6/29 MP: 1/15
  2354 | D:3      | Found an iron altar of Okawaru.
  2751 | D:4      | Found a sparkling altar of Nemelex Xobeh.
  2827 | D:4      | Reached skill level 1 in Fire Magic
  2838 | D:4      | Reached skill level 1 in Poison Magic
  2848 | D:4      | Found Lyteastri's Tremendous Tomes.
  2922 | D:4      | Reached skill level 1 in Air Magic
  2968 | D:4      | Reached XP level 6. HP: 34/34 MP: 17/17
  2979 | D:4      | Noticed Menkaure
  2980 | D:4      | Found a hazy altar of Hepliaklqana.
  2982 | D:4      | Found a glowing drain.
  3005 | Sewer    | Entered a sewer
  3070 | Sewer    | Noticed a water moccasin
  3080 | Sewer    | Succumbed to a water moccasin's poison

Illustrated notes

Levels and vault maps discovered:
D:1:      lemuel_arrival_muddy, layout_basic
D:2:      layout_basic, nicolae_ecumenical_lake_church, minmay_tiny_reverse_x
D:3:      layout_basic, okawaru_metal_pillars_1_2
D:4:      layout_basic, mainiacjoe_overflow_brackets, trog_book,
          nemelex_xobeh_ov_fountains_minmay, portal_sewer_entry_f,
          nicolae_shop_i_like_big_books, uniq_menkaure
Sewer:    sewer_the_moccasin

Skill      XL: |  1  2  3  4  5 |
---------------+----------------+-----
Spellcasting   | 5 6 |  6.6
Armour         | 1 |  1.0
Fighting       | 1 |  1.0
Conjurations   | 2 3 |  3.0
Dodging        | 3 |  3.0
Stealth        | 3 |  3.1
Fire Magic     | 1 |  1.2
Poison Magic   | 1 |  1.1
Air Magic      | 1 |  1.0
Summonings     | |  1.1
Translocations | |  1.1

Action                     |  1- 3 |  4- 6 || total
---------------------------+-------+-------++-------
  Melee: Dagger            |     5 |     4 ||     9
   Fire: Sling             |    16 |    61 ||    77
   Cast: Magic Dart        |   103 |    39 ||   142
         Mephitic Cloud    |       |     1 ||     1
         Blink             |       |     1 ||     1
 Armour: Robe              |     4 |     7 ||    11
  Dodge: Dodged            |     6 |    34 ||    40
Riposte: Dagger            |       |     3 ||     3

Table legend: (Time is in decaauts)
 A = Elapsed time spent in this place.
 B = Non-inter-level travel time spent in this place.
 C = Inter-level travel time spent in this place.
 D = Time resting spent in this place.
 E = Time spent auto-exploring this place.
 F = Levels seen in this place.
 G = Mean time per level.
                   A        B        C        D        E       F      G
               +--------+--------+--------+--------+--------+-----+--------+
         Total |   3123 |   3009 |    114 |      5 |   2422 |   5 |  624.6 |
       Dungeon |   3041 |   2927 |    114 |      5 |   2361 |   4 |  760.2 |
         Sewer |     81 |     81 |      0 |      0 |     60 |   1 |   81.0 |
               +--------+--------+--------+--------+--------+-----+--------+

Top non-repeatable levels by time:
     D:1: 1147 daAuts
     D:2: 920 daAuts
     D:3: 746 daAuts
     D:4: 227 daAuts
   Sewer: 81 daAuts
